 Dungeon Crawl Stone Soup version 0.30.0-2-g1aa4bd4387 (webtiles) character file.

Game seed: 15833378058734291623

79 Descartes the Digger (level 4, -4/24 HPs)
             Began as a Deep Elf Earth Elementalist on May 7, 2023.
             Slain by an orc
             ... wielding a +0 flail
              (8 damage)
             ... on level 3 of the Dungeon.
             The game lasted 00:03:17 (2226 turns).

Descartes the Digger (Deep Elf Earth Elementalist)  Turns: 2226, Time: 00:03:18

Health: -4/24      AC:  4    Str:  5    XL:     4   Next: 17%
Magic:  11/11      EV: 13    Int: 22    God:
Gold:   108        SH:  5    Dex: 15    Spells: 9/10 levels left

rFire   . . .        (no weapon)
rCold   . . .        (no shield)
rNeg    . . .        a - +0 robe
rPois   .            (no helmet)
rElec   .            n - +1 cloak
rCorr   .            (no gloves)
SInv    .            (no boots)
Will    .....        m - amulet of reflection
Stlth   ++           (no ring)
HPRegen 0.24/turn    (no ring)
MPRegen 0.12/turn

%: reflection
@: no status effects
A: no striking features
a: no special abilities


You were on level 3 of the Dungeon.
You visited 1 branch of the dungeon, and saw 3 of its levels.

You collected 108 gold pieces.

Inventory:

Missiles
 c - 6 boomerangs
Armour
 a - a +0 robe (worn)
 n - a +1 cloak (worn)
Jewellery
 m - an amulet of reflection (around neck)
 q - a +4 ring of protection
Scrolls
 d - 2 scrolls of vulnerability {unknown}
 e - a scroll of enchant weapon {unknown}
 f - 4 scrolls of blinking {unknown}
 i - 3 scrolls of identify {unknown}
 k - a scroll of magic mapping {unknown}
 o - 4 scrolls of enchant armour {unknown}
 p - a scroll of immolation {unknown}
 r - a scroll of amnesia {unknown}
Potions
 b - a potion of magic
 g - a potion of lignification {unknown}
 h - a potion of invisibility {unknown}
 j - 2 potions of attraction {unknown}
 l - a potion of curing {unknown}


   Skills:
 + Level 3.1 Dodging
 - Level 2.4 Stealth
 + Level 3.6 Spellcasting
 + Level 1.5 Conjurations
 + Level 1.9 Transmutations
 + Level 3.7 Earth Magic
 + Level 1.5 Evocations


You had 9 spell levels left.
You knew the following spells:

 Your Spells              Type           Power      Damage    Failure   Level
a - Sandblast             Erth           40%        2d10      2%          1

Your spell library contained the following spells:

 Spells                   Type           Power      Damage    Failure   Level
 Passwall                 Tmut/Erth      13%        N/A       5%          2
 Wereblood                Tmut           12%        N/A       8%          2
 Stone Arrow              Conj/Erth      30%        3d8       12%         3
 Lesser Beckoning         Tloc           8%         N/A       19%         2
 Sublimation of Blood     Necr           4%         N/A       19%         2
 Ignite Poison            Fire/Tmut/Pois 6%         N/A       26%         3
 Gell's Gravitas          Tloc           4%         N/A       34%         3
 Inner Flame              Hex/Fire       4%         N/A       34%         3
 Swiftness                Air            4%         N/A       34%         3
 Teleport Other           Tloc           4%         N/A       34%         3
 Petrify                  Tmut/Erth      16%        N/A       36%         4
 Flame Wave               Conj/Fire      7%         2d5       63%         4
 Sticky Flame             Conj/Fire      7%         2d3       63%         4
 Arcjolt                  Conj/Air       3%         1d13      93%         5
 Summon Hydra             Summ           2%         N/A       100%        7
 Chain Lightning          Conj/Air       3%         3d4       100%        9


Dungeon Overview and Level Annotations

Branches:
Dungeon (3/15)

Altars:


Message History

The blast of sand misses the hobgoblin.
Casting: Sandblast (safe; 2% risk of failure)
Confirm with . or Enter, or press ? or * to list all spells.
Aiming: Sandblast (safe; 2% risk of failure)
Press: ? - help, Shift-Dir - straight line, f/p - hobgoblin
Aim: a hobgoblin (83% to hit)
The blast of sand hits the hobgoblin!
You kill the hobgoblin!
Okay, then.
You see here a hobgoblin corpse.
A frilled lizard comes into view.
Casting: Sandblast (safe; 2% risk of failure)
Confirm with . or Enter, or press ? or * to list all spells.
You can't see any susceptible monsters within range! (Use Z to cast anyway.) Unknown command.
Casting: Sandblast (safe; 2% risk of failure)
Confirm with . or Enter, or press ? or * to list all spells.
You can't see any susceptible monsters within range! (Use Z to cast anyway.)
Casting: Sandblast (safe; 2% risk of failure)
Confirm with . or Enter, or press ? or * to list all spells.
Aiming: Sandblast (safe; 2% risk of failure)
Press: ? - help, Shift-Dir - straight line, f - frilled lizard
Aim: a frilled lizard (asleep, 100% to hit)
The blast of sand hits the frilled lizard!
You kill the frilled lizard!
Found 6 stones.
An orc wizard, an orc priest and 2 orcs come into view.
The orc priest is wielding a +3 hand axe of venom.
Found a war axe.
The orc shouts!
The orc wizard shouts!
The orc priest shouts!
The orc shouts!
The orc priest calls down the wrath of Beogh upon you.
Beogh smites you!
Ouch! That really hurt!
Unknown command.
The orc attacks as you move away! The orc hits you with a +0 flail.
* * * LOW HITPOINT WARNING * * *
The orc attacks as you move away! The orc closely misses you.
The orc attacks as you move away! The orc hits you but does no damage.
The orc attacks as you move away! The orc hits you with a +0 flail!
You die...

#..(.....#.
###..#####... #.#..#
##.# #o ####.#..# #.#
#o #....#..######.# #.
#.###..........# #o
#.# ##..#####..# #.
#######.# ##.# #..# #)
#...o@..# #.#####..>
#.###o#######
#......... #..o.....#
#######.## #####.##.#
#.## #.##.# #.##
#.##.# #.## #.##.#
#.## #.##.##########
#.##
#........<....#####.##


You could see 2 orcs.

Vanquished Creatures
  4 adders
  3 ball pythons
  4 endoplasms (D:3)
  2 giant cockroaches (D:2)
  4 goblins
  3 hobgoblins (D:3)
  6 jackals
  2 quokkas
  6 bats
  A frilled lizard (D:3)
  2 kobolds (D:3)
  3 rats
40 creatures vanquished.

Notes
Turn   | Place    | Note
-------+----------+-------------------------------------------
     0 | D:1      | Descartes the Deep Elf Earth Elementalist began the quest
                  | for the Orb.
     0 | D:1      | Reached XP level 1. HP: 10/10 MP: 6/6
    77 | D:1      | Got the Spellbook of Disgusting Astrapomancy
   794 | D:1      | Reached XP level 2. HP: 14/15 MP: 6/8
  1013 | D:2      | Reached skill level 1 in Evocations
  1063 | D:2      | Reached skill level 1 in Conjurations
  1155 | D:2      | Reached XP level 3. HP: 19/19 MP: 5/9
  2006 | D:3      | Reached XP level 4. HP: 24/24 MP: 9/11
  2226 | D:3      | Slain by an orc

Illustrated notes

Levels and vault maps discovered:
D:1:      dpeg_arrival_tiny_a, layout_loops_corners,
          amcnicky_mini_rare_corridor_liquid
D:2:      layout_loops_ring
D:3:      layout_loops_ring, minmay_crystal_room, st_stairs_7,
          grunt_decor_arrowhead

Skill      XL: |  1  2 |
---------------+-------+-----
Evocations     | 1 |  1.5
Conjurations   | 1 |  1.5
Dodging        | 3 |  3.1
Stealth        | |  2.4
Spellcasting   | |  3.6
Transmutations | |  1.9
Earth Magic    | |  3.7

Action                     |  1- 3 |  4- 6 || total
---------------------------+-------+-------++-------
   Cast: Sandblast         |    50 |     4 ||    54
 Armour: Robe              |     4 |     1 ||     5
  Dodge: Dodged            |     9 |     1 ||    10
  Block: Other             |     1 |       ||     1
         Reflection        |     1 |       ||     1
